% Time on Ice - WINNIPEG BEAVERS
Lines # - Real PCT - Wanted PCT - Time Play
Normal Forward
1 - 33% - 35% - 18:29
2 - 31% - 32% - 17:38
3 - 24% - 25% - 13:42
4 - 11% - 8% - 6:13
Normal Defense
1 - 32% - 34% - 17:45
2 - 32% - 33% - 17:44
3 - 31% - 27% - 17:31
4 - 5% - 6% - 3:02
PP Forward
1 - 0% - 53%
2 - 0% - 47%
PP Defense
1 - 0% - 55%
2 - 0% - 45%
PK Forward
1 - 58% - 51% - 1:09
2 - 42% - 49% - 0:50
PK Defense
1 - 66% - 53% - 1:19
2 - 34% - 47% - 0:40
PK3 Forward
1 - 0% - 55%
2 - 0% - 45%
PK3 Defense
1 - 0% - 55%
2 - 0% - 45%
44 Forward
1 - 68% - 52% - 1:21
2 - 32% - 48% - 0:38
44 Defense
1 - 34% - 52% - 0:41
2 - 66% - 48% - 1:18
Last Minute Offensive  - 0:00
Last Minute Defensive  - 0:00
Total
Forward - 60:00
Defense - 60:00
% Time on Ice - PHOENIX MUSTANGS
Lines # - Real PCT - Wanted PCT - Time Play
Normal Forward
1 - 31% - 33% - 17:32
2 - 31% - 32% - 17:29
3 - 26% - 25% - 14:23
4 - 12% - 10% - 6:38
Normal Defense
1 - 38% - 42% - 21:25
2 - 34% - 35% - 19:00
3 - 27% - 23% - 14:59
4 - 1% - 0% - 0:38
PP Forward
1 - 61% - 65% - 1:13
2 - 39% - 35% - 0:46
PP Defense
1 - 59% - 65% - 1:10
2 - 41% - 35% - 0:49
PK Forward
1 - 0% - 50%
2 - 0% - 50%
PK Defense
1 - 0% - 55%
2 - 0% - 45%
PK3 Forward
1 - 0% - 60%
2 - 0% - 40%
PK3 Defense
1 - 0% - 50%
2 - 0% - 50%
44 Forward
1 - 47% - 50% - 0:56
2 - 53% - 50% - 1:03
44 Defense
1 - 47% - 50% - 0:56
2 - 53% - 50% - 1:03
Last Minute Offensive  - 0:00
Last Minute Defensive  - 0:00
Total
Forward - 60:00
Defense - 60:00
Play-by-Play 1st period 0:01 of 1st period - Brayden Schenn wins face-off versus Jonathan Miller in neutral zone. 0:09 of 1st period - Alexander DeBrincat is hit by Damon Severson and loses puck. 0:30 of 1st period - Shot by Kyle Connor. 0:30 of 1st period - Stopped by Ville Husso with a rebound. 1:19 of 1st period - Shot by Mark Scheifele. 1:19 of 1st period - Stopped by Ville Husso without a rebound. 1:20 of 1st period - Nic Dowd wins face-off versus Sean Kuraly in WINNIPEG BEAVERS zone. 1:26 of 1st period - Alexander Kerfoot is hit by Nic Dowd. 1:42 of 1st period - Icing by Adam Larsson. 1:43 of 1st period - Sean Kuraly wins face-off versus Tyson Jost in WINNIPEG BEAVERS zone. 2:05 of 1st period - Sean Kuraly is hit by Joel Armia and loses puck. 2:35 of 1st period - Icing by John Carlson. 2:36 of 1st period - Mark Scheifele wins face-off versus Sam Bennett in WINNIPEG BEAVERS zone. 3:42 of 1st period - Shot by Nic Dowd. 3:42 of 1st period - Shot Misses the Net. 3:44 of 1st period - Shot by Jesper Fast. 3:44 of 1st period - Shot Blocked by John Carlson. 4:08 of 1st period - Ilya Lyubushkin is hit by Derick Brassard and loses puck. 4:55 of 1st period - Adam Larsson is hit by Nic Dowd and loses puck. 5:16 of 1st period - Off-side. 5:17 of 1st period - Sean Kuraly wins face-off versus Jonathan Miller in neutral zone. 5:19 of 1st period - Adam Larsson is hit by Jonathan Miller and loses puck. 8:13 of 1st period - Icing by Victor Hedman. 8:14 of 1st period - Jonathan Miller wins face-off versus Alexander DeBrincat in WINNIPEG BEAVERS zone. 8:22 of 1st period - Icing by Carson Soucy. 8:23 of 1st period - Brayden Schenn wins face-off versus Jonathan Miller in WINNIPEG BEAVERS zone. 8:32 of 1st period - Shot by Alexander DeBrincat. 8:32 of 1st period - Stopped by Antti Raanta without a rebound. 8:33 of 1st period - Sam Bennett wins face-off versus Jonathan Miller in PHOENIX MUSTANGS zone. 9:01 of 1st period - Shot by Jonathan Miller. 9:01 of 1st period - Stopped by Ville Husso with a rebound. 9:03 of 1st period - Shot by Erik Karlsson. 9:03 of 1st period - Shot Blocked by Brandon Tanev. 9:05 of 1st period - Shot by Kyle Connor. 9:05 of 1st period - Shot Misses the Net. 9:07 of 1st period - Shot by Jonathan Miller. 9:07 of 1st period - Stopped by Ville Husso without a rebound. 9:08 of 1st period - Mark Scheifele wins face-off versus Nick Cousins in WINNIPEG BEAVERS zone. 9:22 of 1st period - Mark Scheifele is hit by Carson Soucy and loses puck. 9:35 of 1st period - Shot by Brad Marchand. 9:35 of 1st period - Stopped by Ville Husso with a rebound. 9:52 of 1st period - Shot by Mark Scheifele. 9:52 of 1st period - Stopped by Ville Husso with a rebound. 10:03 of 1st period - Icing by Victor Hedman. 10:04 of 1st period - Jonathan Miller wins face-off versus Nick Cousins in WINNIPEG BEAVERS zone. 10:21 of 1st period - Shot by Kyle Connor. 10:21 of 1st period - Shot Blocked by Victor Hedman. 11:49 of 1st period - Shot by Sam Bennett. 11:49 of 1st period - Stopped by Antti Raanta without a rebound. 11:50 of 1st period - Sam Bennett wins face-off versus Mark Scheifele in PHOENIX MUSTANGS zone. 12:07 of 1st period - Shot by Mark Scheifele. 12:07 of 1st period - Stopped by Ville Husso without a rebound. 12:08 of 1st period - Sean Kuraly wins face-off versus Alex Barre-Boulet in WINNIPEG BEAVERS zone. 12:10 of 1st period - Icing by Alexander Kerfoot. 12:11 of 1st period - Alexander Kerfoot wins face-off versus Mark Scheifele in WINNIPEG BEAVERS zone. 12:11 of 1st period - Alexander Kerfoot is hit by Mark Scheifele. 12:26 of 1st period - Icing by Erik Karlsson. 12:27 of 1st period - Brayden Schenn wins face-off versus Mark Scheifele in PHOENIX MUSTANGS zone. 12:40 of 1st period - Icing by Alexander DeBrincat. 12:41 of 1st period - Brayden Schenn wins face-off versus Jonathan Miller in WINNIPEG BEAVERS zone. 12:41 of 1st period - John Carlson is hit by Jonathan Miller and loses puck. 13:06 of 1st period - Shot by Jonathan Miller. 13:06 of 1st period - Shot Blocked by Luke Schenn. 13:47 of 1st period - Shot by Mark Scheifele. 13:47 of 1st period - Stopped by Ville Husso with a rebound. 14:32 of 1st period - Radko Gudas is hit by Brayden Schenn and loses puck. 14:51 of 1st period - Shot by Nic Dowd. 14:51 of 1st period - Shot Blocked by Brandon Tanev. 15:05 of 1st period - Shot by Sam Bennett. 15:05 of 1st period - Stopped by Antti Raanta without a rebound. 15:06 of 1st period - Jonathan Miller wins face-off versus Sean Kuraly in PHOENIX MUSTANGS zone. 15:15 of 1st period - Shot by Jonathan Miller. 15:15 of 1st period - Deflect By Kyle Connor. 15:15 of 1st period - Shot Misses the Net. 16:04 of 1st period - Shot by Tyson Jost. 16:04 of 1st period - Deflect By Alex Barre-Boulet. 16:04 of 1st period - Shot Misses the Net. 16:16 of 1st period - Shot by Joel Armia. 16:16 of 1st period - Shot Misses the Net. 16:18 of 1st period - Shot by Erik Karlsson. 16:18 of 1st period - Shot Blocked by Alexander Kerfoot. 16:20 of 1st period - Shot by Joel Armia. 16:20 of 1st period - Deflect By Alex Barre-Boulet. 16:20 of 1st period - Shot Misses the Net. 17:21 of 1st period - Shot by Sam Bennett. 17:21 of 1st period - Stopped by Antti Raanta without a rebound. 17:22 of 1st period - Nick Cousins wins face-off versus Mark Scheifele in PHOENIX MUSTANGS zone. 17:35 of 1st period - Shot by Mark Scheifele. 17:35 of 1st period - Stopped by Ville Husso with a rebound. 17:39 of 1st period - Shot by Alex Killorn. 17:39 of 1st period - Shot Blocked by Victor Hedman. 17:41 of 1st period - Shot by Ilya Lyubushkin. 17:41 of 1st period - Stopped by Ville Husso without a rebound. 17:42 of 1st period - Jonathan Miller wins face-off versus Sam Bennett in WINNIPEG BEAVERS zone. 18:22 of 1st period - Shot by Kyle Connor. 18:22 of 1st period - Stopped by Ville Husso without a rebound. 18:23 of 1st period - Mark Scheifele wins face-off versus Nick Cousins in WINNIPEG BEAVERS zone. 19:30 of 1st period - Shot by Alexander DeBrincat. 19:30 of 1st period - Shot Blocked by Jeff Petry. 19:32 of 1st period - Shot by Alexander DeBrincat. 19:32 of 1st period - Stopped by Antti Raanta without a rebound. 19:33 of 1st period - Nic Dowd wins face-off versus Sam Bennett in PHOENIX MUSTANGS zone. 19:56 of 1st period - Off-side. 19:57 of 1st period - Jonathan Miller wins face-off versus Brayden Schenn in neutral zone. Goals for this period are 0 for WINNIPEG BEAVERS vs 0 for PHOENIX MUSTANGS. Shots for this period are 5 for WINNIPEG BEAVERS vs 11 for PHOENIX MUSTANGS. 2nd period 0:01 of 2nd period - Ondrej Palat wins face-off versus Jonathan Miller in neutral zone. 0:33 of 2nd period - Shot by Kyle Connor. 0:33 of 2nd period - Shot Misses the Net. 0:35 of 2nd period - Shot by Jonathan Miller. 0:35 of 2nd period - Shot Misses the Net. 1:24 of 2nd period - Shot by Nic Dowd. 1:24 of 2nd period - Stopped by Ville Husso with a rebound. 1:26 of 2nd period - Shot by Radko Gudas. 1:26 of 2nd period - Shot Misses the Net. 1:28 of 2nd period - Shot by Andrew Copp. 1:28 of 2nd period - Shot